 Dungeon Sprint DCSS version 0.24-a0-250-g6074511092 (webtiles) character file.

Game seed: 5731171919416481373

100 Redear the Skirmisher (level 4, -9/32 HPs)
             Began as a Gargoyle Fighter on Apr 15, 2019.
             Mangled by an earth elemental (12 damage)
             ... summoned by a deep elf mage
             ... in the Dungeon (Sprint III: "The Ten Rune Challenge").
             The game lasted 00:02:01 (398 turns).

Redear the Skirmisher (Gargoyle Fighter)             Turns: 398, Time: 00:02:02

Health: -9/32      AC: 11    Str: 20    XL:     4   Next: 74%
Magic:  4/4        EV:  9    Int:  8    God:
Gold:   11         SH:  0    Dex: 10    Spells: 3/3 levels left

rFire    . . .     SeeInvis .   a - +0 flail
rCold    + . .     Gourm    .   (no shield)
rNeg     + . .     Faith    .   b - +0 scale mail
rPois    ∞         Spirit   .   (no helmet)
rElec    +         Reflect  .   (no cloak)
rCorr    .         Harm     .   (no gloves)
MR       .....     NoTele   +   (no boots)
Stlth    ..........             (no amulet)
HPRegen  0.10/turn              (no ring)
MPRegen  0.09/turn              (no ring)

@: hasted, very quick
A: claws 1, cold resistance 1, negative energy resistance 1, electricity
resistance, unbreathing, petrification resistance, rot immunity, AC +3
a: no special abilities


You were in the Dungeon.
You were not hungry.

You visited 1 branch You collected 11 gold pieces.

Inventory:

Hand Weapons
 a - a +0 flail (weapon)
Armour
 b - a +0 scale mail (worn)
 c - a +0 shield
Scrolls
 g - a scroll of holy word {unknown}
 h - 3 scrolls of identify {unknown}
 k - a scroll of remove curse {unknown}
 m - a scroll of torment {unknown}
 B - a scroll of blinking {@r4}
Potions
 d - 2 potions of might {Str+5 DMG+1d10 | @q3}
 e - 2 potions of mutation {!q}
 i - 2 potions of magic
 l - a potion of cancellation {unknown}
 n - a potion of agility {unknown}
Comestibles
 z - 4 rations


   Skills:
 + Level 5.9 Fighting
 + Level 4.8 Maces & Flails
 + Level 5.8 Armour
 + Level 0.0 Dodging
 + Level 5.9 Shields


You had 3 spell levels left.
You didn't know any spells.
Your spell library was empty.

Dungeon Overview and Level Annotations

Branches:
Dungeon (1/1)

Altars:
Elyvilon
Zin
The Shining One


Innate Abilities, Weirdness & Mutations

You are resistant to torment.
Your stone body is resilient. (AC +3)
You are immune to poison.
You resist negative energy. (rN+)
You are resistant to electric shocks. (rElec)
You can survive without breathing.
You are immune to petrification.
You are immune to rotting.
You have sharp fingernails.
Your flesh is cold resistant. (rC+)


Message History

The deep elf mage is lightly wounded.
You sock the deep elf mage!
The deep elf mage is moderately wounded.
The deep elf mage mumbles some strange words.
You hit the deep elf mage.
The deep elf mage is heavily wounded.
The deep elf mage gestures wildly while chanting.
The deep elf mage blinks!
The deep elf mage mumbles some strange words.
You miss the deep elf mage.
The deep elf mage is moderately wounded.
The deep elf mage casts a spell at you. The bolt of magma misses you.
You hit the deep elf mage but do no damage.
The deep elf mage is moderately wounded.
The deep elf mage hits you but does no damage.
You barely miss the deep elf mage.
The deep elf mage is moderately wounded.
The earth elemental hits you!
You die...

...#......#####..#__e#
..##....†..#..#..#...#
##.##.##...#..#..###'#+###+##
##.##.###..##'#..#..........#
#.####.##..###...'.⌠........#
.###..##.†####.EE#...######+#
#.....##..###....#.⌠.#
###..##...##.....#...#
##..##....#....E@#+###
#..###..##.#....e# #..# #..
####....# ▓▓▓▓ ▓▓▓ ▓▓▓▓▓▓


You could see 3 earth elementals and a deep elf mage.

Vanquished Creatures
  A water elemental (D)
  A human (D)
  A wolf (D)
  An ooze (D)
  3 rats (D)
7 creatures vanquished.

Vanquished Creatures (others)
  2 draconian scorchers (D)
  6 hellions (D)
  A yaktaur (D)
  A plant (D)
10 creatures vanquished.

Grand Total: 17 creatures vanquished

Notes
Turn   | Place    | Note
-------+----------+-------------------------------------------
     0 | D        | Redear the Gargoyle Fighter began the quest for the Orb.
     0 | D        | Reached XP level 1. HP: 14/14 MP: 1/1
    40 | D        | Reached XP level 2. HP: 20/20 MP: 2/2
    63 | D        | HP: 2/20 [wolf (6)]
    69 | D        | Reached skill level 4 in Fighting
    69 | D        | Reached skill level 3 in Maces & Flails
    69 | D        | Reached skill level 4 in Armour
    69 | D        | Reached skill level 4 in Shields
    79 | D        | Reached XP level 3. HP: 9/25 MP: 3/3
    99 | D        | Gained mutation: Your flesh is cold resistant. (rC+)
                  | [potion of mutation]
    99 | D        | Gained mutation: You have sharp fingernails. [potion of
                  | mutation]
   118 | D        | Killed a hellion
   119 | D        | Killed a hellion
   133 | D        | Killed a hellion
   141 | D        | Killed a hellion
   176 | D        | Killed a hellion
   179 | D        | Killed a hellion
   197 | D        | Killed a white draconian scorcher
   201 | D        | Killed a white draconian scorcher
   270 | D        | Noticed a water elemental
   275 | D        | Killed a water elemental
   275 | D        | Reached skill level 5 in Fighting
   275 | D        | Reached skill level 4 in Maces & Flails
   275 | D        | Reached skill level 5 in Armour
   275 | D        | Reached skill level 5 in Shields
   275 | D        | Reached XP level 4. HP: 31/32 MP: 4/4
   289 | D        | Killed a yaktaur
   373 | D        | Found a glowing silver altar of Zin.
   373 | D        | Found a glowing golden altar of the Shining One.
   373 | D        | Found a white marble altar of Elyvilon.
   373 | D        | Noticed a deep elf mage
   378 | D        | HP: 1/32 [deep elf mage/stone arrow (12)]
   392 | D        | Noticed an earth elemental
   392 | D        | Noticed an earth elemental
   394 | D        | Noticed an earth elemental
   398 | D        | Mangled by an earth elemental

Levels and vault maps discovered:
D:        dungeon_sprint_mu [sprint_mu_entry_cave, sprint_mu_temple_rooms,
          sprint_mu_d1_horrors, sprint_mu_d2_genie, sprint_mu_d3_branching,
          sprint_mu_orc_legion, sprint_mu_elf_gauntlet, sprint_mu_hive_nellie,
          sprint_mu_lair_fedhas, sprint_mu_vaults_butterflies,
          sprint_mu_slime_circle, sprint_mu_swamp_cave, sprint_mu_snake_twists,
          sprint_mu_blade_basic, sprint_mu_crypt_fortress,
          sprint_mu_tomb_spiral, sprint_mu_vestibule_basic,
          sprint_mu_gehenna_hellfire, sprint_mu_dis_giant,
          sprint_mu_tartarus_statrot, sprint_mu_cocytus_islands, sprint_mu_zot1]

Skill      XL: |  1  2  3 |
---------------+----------+-----
Fighting       | 4 5 |  5.9
Maces & Flails | 3 4 |  4.8
Armour         | 4 5 |  5.8
Shields        | 4 5 |  5.9

Action                   |  1- 3 |  4- 6 || total
-------------------------+-------+-------++-------
Melee: Flail             |    42 |    11 ||    53
  Use: Potion            |     3 |     2 ||     5
Armor: Scale mail        |    21 |     1 ||    22
Dodge: Dodged            |    29 |     4 ||    33

Table legend:
 A = Non-vault XP
 B = Vault XP
 C = Vault XP percentage of total XP
 D = Non-vault monster count
 E = Vault monster count
 F = Vault count percentage of total count
                 A         B        C        D         E       F
            +---------+---------+-------+---------+---------+-------
      Total |       0 |     144 | 100.0 |       0 |       7 | 100.0
            +---------+---------+-------+---------+---------+-------
          D |       0 |     144 | 100.0 |       0 |       7 | 100.0
            +---------+---------+-------+---------+---------+-------
